[Event "E World Chess Championship 2023"]
[Site "Chess.com"]
[Date "2023.04.29"]
[Round "14"]
[White "Ding, Liren"]
[Black "Nepomniachtchi, Ian"]
[Result "1/2-1/2"]
[WhiteElo "2788"]
[BlackElo "2795"]
[ECO "E46"]
[EventDate "2023.??.??"]
[Annotator "rafael"]
[PlyCount "180"]
[Beauty "3849901329417"]
[EventType "match"]
[EventRounds "15"]
[EventCountry "FID"]
[TimeControl "40/7200:20/3600:900+30"]

1.d4 Nf6 2.c4 e6 3.Nc3 Bb4 4.e3 O-O 5.Bd2 {Once again a new opening is played in the match.} 5...d5 6.a3 {A somewhat offbeat move order, but it has been played by Ding and other elite players. 6.Nf3 is more popular.} ( 6.Nf3 ) 6...Be7 7.Nf3 c5 {Nepomniachtchi chooses the second most popular move, immediately hitting the center and inviting exchanges.} ( 7...b6 {was played against Ding in a rapid game in 2022.} 8.cxd5 exd5 9.Rc1 c5 10.dxc5 bxc5 11.Bd3 Bg4 {Black has a good position, but White eventually won the game. Ding-Praggnanandhaa, Chessable Masters (rapid) 2022.} ) 8.dxc5 Bxc5 {This is a typical position from the Queen's Gambit when White's bishop is on f4, obviously a better square. With the bishop on d2, the chances of an advantage are more limited.} 9.Qc2 dxc4 {This natural move is a new one. The trend of the match is seen once again: the game is out of the known theoretical paths early on, even when a major opening is played.} ( 9...Nc6 10.Rd1 Qe7 {was played in Donchenko-Wojtaszek, Terme Catez 2021.} ) 10.Bxc4 Nbd7 $1 {[%c_effect d7;square;d7;type;GreatFind;persistent;true] An accurate move. This is the best way to develop the pieces.} ( 10...b6 $6 11.Ne4 $1 {[%c_effect e4;square;e4;type;GreatFind;persistent;true] is unpleasant.} ) ( 10...Nc6 $6 11.Rd1 Qe7 12.Ne4 {is better for White. This plan with Ne4-Bc3 is a good way to give life to the bishop on d2.} ) 11.Rd1 Be7 $6 {[%c_effect e7;square;e7;type;Inaccuracy;persistent;true] This move is not the best. Black should not lose time before finishing development.} ( 11...b6 $1 {[%c_effect b6;square;b6;type;GreatFind;persistent;true] is better.} 12.Ne4 Bb7 $1 {[%c_effect b7;square;b7;type;GreatFind;persistent;true] Black allows the bishop to be captured in order to accelerate the development.} 13.Nxc5 Nxc5 14.Bc3 Qe7 {The knight goes to e4 and the position is equal.} ) 12.Ng5 $6 {[%c_effect g5;square;g5;type;Inaccuracy;persistent;true] The start of a superficial plan. The best way to fight for the initiative is to play with e3-e4, either immediately or after castling.} ( 12.e4 {White opens the diagonal of the bishop and prepares e4-e5.} 12...Qc7 {This is nearly forced, in order to avoid the advance of the e-pawn.} 13.Nb5 Qb8 {Here White has many possible ways to play. The position is very rich.} ) ( 12.O-O {Maybe this is even more accurate, following my motto: \"when in doubt, just castle.\" The plan is e3-e4 next.} ) 12...h6 13.h4 {Ding has already played a similar plan in this match, when in the eighth game, also a Nimzo-Indian, he left a bishop hanging on g5. In that game, the h4-move was more dangerous. Here the knight on g5 is not particularly dangerous and Black can develop the pieces without major worries.} ( 13.Nge4 b6 {is good for Black as well.} ) 13...Qc7 14.Be2 ( 14.Bb3 {looks more natural, keeping some pressure on e6 and threatening some Nd5 tricks. However, after} 14...Qc6 $1 {[%c_effect c6;square;c6;type;GreatFind;persistent;true] Black has a good position.} ( 14...b6 $4 15.Nd5 $1 ) ) 14...Rd8 $6 {[%c_effect d8;square;d8;type;Inaccuracy;persistent;true] A natural defending move, planning to bring the knight to f8 and to protect the king. But there's a better option.} ( 14...b6 $1 15.Rc1 Qb8 $1 {[%c_effect b8;square;b8;type;GreatFind;persistent;true] This is an important and difficult move since it places the queen in an unnatural square. If White follows the attack with} 16.Nce4 Bb7 17.Nxf6+ Nxf6 18.Bc3 {Black gets a good position after} 18...Rc8 $1 ) 15.Rc1 {Unpinning the c3-knight.} 15...Nf8 {Following the plan started with the previous move.} ( 15...b6 $6 16.Nd5 $1 ) 16.Nge4 Nxe4 17.Nxe4 ( 17.Qxe4 {Capturing with the queen is also possible.} 17...Qd6 18.Rc2 Bd7 19.Qxb7 Bc6 20.Qa6 Bxg2 21.Qxd6 Bxd6 22.Rg1 Bb7 {with an equal endgame.} ) 17...Qxc2 18.Rxc2 Bd7 19.Bb4 $6 ( 19.Rc7 Rab8 20.Nc5 Rbc8 $1 21.Rxc8 Bxc8 {is close to a draw, but Black has the more comfortable position.} ) 19...Bxb4+ 20.axb4 Bc6 21.Nc5 $6 {[%c_effect c5;square;c5;type;Inaccuracy;persistent;true] White is in trouble after this move.} ( 21.Bf3 Ng6 22.Nd2 Ne5 23.Bxc6 Nxc6 24.b5 {The position is better for Black and it looks dangerous to the human eyes, but the machine shows a draw can be achieved.} ) 21...Bxg2 22.Rg1 Bd5 ( 22...Bc6 $1 {[%c_effect c6;square;c6;type;GreatFind;persistent;true] is the most precise way to continue.} 23.b5 Bd5 24.e4 b6 $1 {[%c_effect b6;square;b6;type;GreatFind;persistent;true] This is the point.} 25.exd5 bxc5 26.Rxc5 exd5 {with good winning chances for Black.} ) 23.e4 Bc6 24.b5 Be8 25.Nxb7 Rd4 {White has not equalized yet and the position is still dangerous.} 26.Rc4 ( 26.Nc5 $2 Rb4 {loses a pawn.} ) 26...Rd7 27.Nc5 Rc7 ( 27...Rd6 $5 {[%c_effect d6;square;d6;type;Interesting;persistent;true] is also possible.} 28.e5 ( 28.Rc3 Ng6 $1 ) 28...Rd5 29.Ne4 $1 {[%c_effect e4;square;e4;type;GreatFind;persistent;true] with good drawing chances, for instance:} 29...Ng6 ( 29...Rxe5 30.Nf6+ Kh8 31.Nxe8 Rxe8 32.Rc7 ) 30.h5 Nxe5 31.Nf6+ Kf8 32.Nxd5 Nxc4 33.Nc7 $1 Rc8 34.Nxe8 Kxe8 35.Rxg7 ) 28.Rc3 Rac8 29.b4 Nd7 30.Rcg3 $2 {[%c_effect g3;square;g3;type;Mistake;persistent;true] A serious mistake.} ( 30.Kd2 $1 Nxc5 31.bxc5 Rxc5 32.Rgc1 Rxc3 33.Rxc3 Rb8 ( 33...Rxc3 34.Kxc3 {White's king is too active and guarantees a draw.} ) 34.Rc5 {White can continue with f4,e5,Kc3 with an active position and a likely draw.} ) 30...Nxc5 $6 ( 30...g6 $1 {[%c_effect g6;square;g6;type;GreatFind;persistent;true] is better. Black wins a pawn and gets serious chances in the endgame. If White decides to exchange knights, then after} 31.Nxd7 Rxd7 $1 32.Bd3 Rd4 {the position falls apart.} ) 31.bxc5 Rxc5 32.Rxg7+ Kf8 33.Bd3 Rd8 $6 ( 33...Ke7 {is a natural way to play.} 34.Rg8 Rc3 35.Kd2 Ra3 {White still has to solve some problems before getting a draw.} ) 34.Ke2 $2 {[%c_effect e2;square;e2;type;Mistake;persistent;true] This mistake places Ding on the verge of defeat.} ( 34.Kd2 $1 Bxb5 35.Rg8+ Ke7 36.Rxd8 Kxd8 37.Bxb5 Rxb5 38.Rg8+ Ke7 39.Ra8 {with the same ending we will see later in the game.} ) 34...Rc3 $1 35.Rg8+ Ke7 36.R1g3 e5 $2 {[%c_effect e5;square;e5;type;Mistake;persistent;true] This throws away a big portion of the advantage.} ( 36...Rdxd3 $2 {[%c_effect d3;square;d3;type;Mistake;persistent;true] The idea is to capture on b5 on the next move, but it doesn't work due to} 37.Rxe8+ $1 Kxe8 38.Rxd3 {with a draw.} ) ( 36...Rb3 $1 {[%c_effect b3;square;b3;type;GreatFind;persistent;true] Black improves the rook and prepares to bring the other one with Rd4. The position is probably lost for White, for example:} 37.Rh8 Rd4 $1 38.Rxh6 $2 Rdxd3 39.Rxd3 Bxb5 ) 37.Rh8 Rd6 ( 37...Rb3 38.Rgg8 $1 Rb2+ 39.Ke3 Rb3 40.Ke2 {White is saved.} ) 38.b6 $1 {[%c_effect b6;square;b6;type;GreatFind;persistent;true] An excellent move, forcing a rook endgame that should be a draw.} 38...Rxb6 ( 38...axb6 {is possible, but also a draw.} 39.Rxe8+ Kxe8 40.Bb5+ Rcc6 41.Rg8+ Ke7 42.Bxc6 Rxc6 43.Rb8 {White's rook is too active.} ) 39.Rxe8+ Kxe8 40.Bb5+ Rxb5 41.Rxc3 {With an active rook and some weaknesses to attack, White should be able to make a draw. This is never very easy in practice, but Ding certainly was relieved when this endgame arrived on the board.} 41...Kd7 42.Rf3 Ke7 43.Rc3 a5 44.Rc7+ Kf6 45.Rc6+ Kg7 46.Ra6 {As every schoolboy knows, the rook should be placed behind the passed pawn.} 46...Rb2+ 47.Kf3 Ra2 48.Kg3 ( 48.h5 {Deserves consideration.} ) 48...h5 49.Ra8 Ra1 50.Kg2 a4 51.Ra5 f6 52.Kf3 a3 53.Ra6 Kf7 54.Ke3 ( 54.Kg2 {I expected the king to go back to this file, but I guess it doesn't make much difference.} ) 54...Ke8 ( 54...Rh1 55.Rxa3 Rxh4 56.Ra8 {This endgame is very easy for White to defend.} ) 55.Ke2 Ke7 56.Kf3 Ra2 57.Ke3 Ra1 58.Ke2 Kf7 59.Kf3 Ra2 60.Ke3 Ke7 61.Kf3 {At this moment I thought the game wouldn´t last long, but there are some practical chances left.} 61...Kd7 $1 {[%c_effect d7;square;d7;type;GreatFind;persistent;true] Nepomniachtchi gives the f6-pawn as a last attempt to create winning chances.} 62.Rxf6 Rb2 63.Ra6 Rb3+ 64.Kg2 Kc7 65.f4 $1 {[%c_effect f4;square;f4;type;GreatFind;persistent;true] The only drawing move. White must create counterplay before the opponent's king comes to the queenside.} 65...exf4 66.e5 Kb7 67.Ra4 Kc6 68.Ra6+ {Also leads to a draw. A possible continuation is:} ( 68.Rxf4 $2 Kd5 {is winning for Black.} ) ( 68.e6 Kd6 69.Ra6+ Ke7 70.Kf2 Kf6 71.Kg2 Re3 72.Kf2 Kf5 73.e7 Rxe7 74.Rxa3 Kg4 75.Ra8 Kxh4 76.Rg8 {with a theoretical draw.} ) 68...Kb5 69.Ra7 Kb6 70.Ra8 Kc5 71.Ra6 Kb5 72.Ra7 Kb6 73.Ra8 Kc6 74.Ra6+ Kd7 75.Kf2 Ke7 76.Kg2 Re3 77.Kf2 {Black is unable to make progress.} 77...Rg3 78.Kf1 Rc3 79.Kf2 Re3 80.Kg2 Kd7 81.Kf2 Kc7 82.e6 Kd8 83.Ra7 Ke8 84.Kg2 {The draw is clear now.} 84...Rxe6 85.Rxa3 Rg6+ 86.Kf2 Rg4 87.Ra5 Rxh4 88.Kf3 Ke7 89.Rf5 Ke6 90.Rxf4 Rxf4+ {A fitting end to the magnificent classical part of the match. The games had many mistakes, this is true, but both players went for the win in every game, they gave their hearts and won many fans around the world during this duel. To me it's a pity that all this will come to an end with rapid games, but I suppose there's no better way to decide the winner. I'm sure tomorrow will be full of thrillers and I want to say thanks and good luck to both players.} 1/2-1/2

[Event "E World Chess Championship 2023"]
[Site "Chess.com"]
[Date "2023.04.30"]
[Round "15"]
[White "Ding, Liren"]
[Black "Nepomniachtchi, Ian"]
[Result "1/2-1/2"]
[WhiteElo "2788"]
[BlackElo "2795"]
[ECO "D02"]
[EventDate "2023.??.??"]
[Annotator "rafael"]
[PlyCount "69"]
[Beauty "6461107221523"]
[EventType "match"]
[EventRounds "15"]
[EventCountry "FID"]
[TimeControl "40/7200:20/3600:900+30"]

1.d4 Nf6 2.Nf3 d5 3.c3 {Another interesting try by Ding to escape from mainstream theory when playing with White.} 3...c5 4.dxc5 e6 5.Be3 ( 5.b4 a5 6.e3 axb4 7.cxb4 b6 {leads to the Noteboom Variation with reversed colors.} ) 5...Be7 {Black has interesting alternatives that have been tried in grandmaster practice.} ( 5...a5 ) ( 5...Nc6 ) ( 5...Qc7 ) 6.g3 {When searching my database for games in this position, it becomes clear who is the mind behind this opening choice, as this has been played before by Richard Rapport.} 6...Nc6 ( 6...O-O 7.Bg2 a5 8.O-O Na6 9.c4 dxc4 10.Na3 {led to a small advantage for White in Rapport-Shankland, St.Louis (rapid) 2019.} ) 7.Bg2 O-O ( 7...Ng4 8.Bd4 e5 9.h3 $1 {[%c_effect h3;square;h3;type;GreatFind;persistent;true] This is the idea, a pattern that is also very common in some lines of the Grunfeld Defense. As I like to say to my students, a chess player should study games from all openings, as the ideas can be repeated even in very different situations.} ) 8.b4 Ng4 9.Bd4 Qc7 ( 9...e5 $6 10.h3 $1 exd4 11.hxg4 dxc3 12.b5 {with the initiative for White.} ) ( 9...b6 {was played in an email game and is probably the best move.} ) 10.O-O e5 11.h3 exd4 $6 ( 11...Nf6 {is better, leading to a double-edged position after} 12.Be3 ) 12.hxg4 dxc3 13.Nxc3 $1 ( 13.b5 $6 Bf6 $1 14.bxc6 c2 15.Qxc2 Bxa1 {White has some compensation for the exchange, but the move played in the game is much better.} ) 13...Nxb4 14.a3 Bf6 $1 15.Rc1 Bxc3 16.Rxc3 Nc6 17.Qxd5 Bxg4 18.Ng5 $1 {[%c_effect g5;square;g5;type;GreatFind;persistent;true] A very strong move, attacking the kingside and also preparing to bring the knight to d6.} 18...h6 ( 18...Bxe2 $4 19.Qe4 {loses a piece.} ) 19.Ne4 ( 19.Qe4 hxg5 20.Qxg4 {leads to a slightly better position for White.} ) 19...Rae8 ( 19...Bxe2 20.Re1 Bg4 21.Nd6 {This looks very unpleasant for Black.} ) 20.e3 Re5 21.Qd2 Rd8 $6 ( 21...Bh3 $1 {[%c_effect h3;square;h3;type;GreatFind;persistent;true] This difficult move is the best.} 22.Bxh3 ( 22.Nd6 Bxg2 23.Kxg2 Ne7 {is OK for Black.} ) 22...Rxe4 {with only a tiny advantage for White.} ) 22.Nd6 Rh5 23.Rb1 $2 ( 23.Qc2 $1 {[%c_effect c2;square;c2;type;GreatFind;persistent;true] This move removes the queen from the pin and prepares to centralize it on e4. White is clearly better.} ) 23...Ne5 24.e4 b6 $3 {[%c_effect b6;square;b6;type;Brilliant;persistent;true] Ding most certainly missed this brilliant move.} 25.cxb6 ( 25.f4 Nf3+ $1 26.Bxf3 Rxc5 ( 26...Bxf3 27.cxb6 $1 Qxd6 28.Qxd6 Rxd6 29.Rxf3 Rxb6 {with a draw.} ) 27.Rxc5 Qxc5+ 28.Qf2 Qxf2+ 29.Kxf2 Bxf3 30.e5 {with a slightly better endgame for Black.} ) 25...axb6 $1 {[%c_effect b6;square;b6;type;GreatFind;persistent;true] This is the point.} ( 25...Qxd6 26.Qxd6 Rxd6 27.bxa7 $18 ) 26.Nb5 $1 ( 26.Rxc7 {The queen cannot be captured.} 26...Nf3+ 27.Bxf3 Bxf3 {With mate.} ) 26...Rxd2 ( 26...Qe7 {is an interesting option, preserving the queens.} ) 27.Nxc7 Bh3 ( 27...Nd3 {is the last chance to pose some problems.} ) 28.Bxh3 Rxh3 29.Kg2 Rh5 30.Rb5 $1 Rd1 31.Nd5 Rdh1 32.Ne7+ Kh7 33.Rxe5 R1h2+ 34.Kg1 Rh1+ 35.Kg2 1/2-1/2

[Event "E World Chess Championship 2023"]
[Site "Chess.com"]
[Date "2023.04.30"]
[Round "16"]
[White "Nepomniachtchi, Ian"]
[Black "Ding, Liren"]
[Result "1/2-1/2"]
[WhiteElo "2795"]
[BlackElo "2788"]
[ECO "C84"]
[EventDate "2023.??.??"]
[Annotator "rafael"]
[PlyCount "94"]
[Beauty "5704656095240"]
[EventType "match"]
[EventRounds "15"]
[EventCountry "FID"]
[TimeControl "40/7200:20/3600:900+30"]

1.e4 e5 2.Nf3 Nc6 3.Bb5 a6 4.Ba4 Nf6 5.O-O Be7 6.d3 b5 7.Bb3 d6 8.a4 {Nepomniachtchi had played 8.c3 and 8.a3 before in the match. For the rapid games, he was armed with the main move, 8.a4.} 8...Bd7 9.h3 {A very rare option.} 9...O-O 10.Be3 Na5 11.Ba2 bxa4 12.Bd2 ( 12.Nc3 {was played in the decisive game of the match.} ) 12...Nc6 {Already a new move.} ( 12...c5 13.Bxa5 Qxa5 14.Nc3 Qb6 {was played in the correspondence game Silin-Biedermann, email 2013.} ) 13.Nc3 Rb8 ( 13...Nd4 {is more natural, although White fights for the advantage with} 14.Bc4 ) 14.Nxa4 Nd4 15.Bc4 {Nepomniachtchi's opening experiment is a success: White has the more comfortable game.} 15...c6 16.Nxd4 exd4 17.Bf4 $1 Be6 18.Re1 a5 19.Qf3 {White has many promising continuations.} ( 19.Bg3 {is a good prophylactic move.} ) ( 19.e5 Nd5 20.Bg3 {leads to an advantage similar to the game.} ) 19...Rb7 20.e5 Nd5 ( 20...Bd5 $1 {[%c_effect d5;square;d5;type;GreatFind;persistent;true] The computer indicates this move as the best.} ) 21.exd6 ( 21.Bg3 $1 {[%c_effect g3;square;g3;type;GreatFind;persistent;true] is more accurate, not allowing too many exchanges.} ) 21...Bxd6 22.Bxd6 Qxd6 23.Qe4 Nf4 ( 23...Nb4 {is enough for equality.} 24.Bxe6 Re7 $1 ) 24.Qe5 ( 24.b3 $5 {[%c_effect b3;square;b3;type;Interesting;persistent;true] is the last chance to try for some advantage.} 24...Bxc4 25.bxc4 Ne6 26.Qe5 ) 24...Qxe5 25.Rxe5 Bxc4 26.dxc4 Rb4 27.Rc5 ( 27.g3 Ne6 28.b3 d3 29.cxd3 Rxb3 30.Nc5 Nxc5 31.Rxc5 Rxd3 32.Rxc6 {White wins the a-pawn, but Black should have no problems holding this endgame.} ) 27...d3 28.cxd3 Nxd3 29.Rxc6 Ne5 30.Rc7 Nxc4 {Now a draw is inevitable.} 31.Nc5 Nxb2 32.Nd7 Re8 33.Rxa5 Nd3 34.Rg5 Rf4 35.f3 h6 36.Rd5 Nb4 37.Rd6 Rf5 38.Rb7 Rd5 39.Rdb6 Rd8 40.Nf6+ gxf6 41.Rxb4 Rd4 42.Rxd4 Rxd4 43.Kh2 Kg7 44.Rb2 Rd5 45.Ra2 Rd4 46.Rb2 Rd5 47.Ra2 Rd4 1/2-1/2

[Event "E World Chess Championship 2023"]
[Site "Chess.com"]
[Date "2023.04.30"]
[Round "17"]
[White "Ding, Liren"]
[Black "Nepomniachtchi, Ian"]
[Result "1/2-1/2"]
[WhiteElo "2788"]
[BlackElo "2795"]
[ECO "A14"]
[EventDate "2023.??.??"]
[Annotator "rafael"]
[PlyCount "65"]
[Beauty "6528752947207"]
[EventType "match"]
[EventRounds "15"]
[EventCountry "FID"]
[TimeControl "40/7200:20/3600:900+30"]

1.Nf3 d5 2.g3 Nf6 3.Bg2 e6 4.O-O Be7 5.c4 O-O 6.b3 c5 ( 6...d4 {is a more aggressive option.} ) 7.cxd5 Nxd5 8.Bb2 Nc6 9.d4 cxd4 10.Nxd4 Nxd4 11.Qxd4 Bf6 12.Qd2 Nf4 {The opening strategies for both sides during the match were pretty clear. Ding was the one trying to run away from mainstream theory and searching for some offbeat variations even if there's no advantage, as long as there's something to play for. Nepomniachtchi, on the other hand, is not against an opening battle in the main lines and is ready to go with forcing, computer variations.} 13.gxf4 Qxd2 14.Nxd2 Bxb2 15.Rad1 Bf6 ( 15...Rb8 16.Nc4 Bf6 {transposes to the game.} ) 16.Nc4 {White has some slight pressure, but if Black knows what to do, a draw is very likely.} 16...Rb8 17.Ne5 Rd8 18.Rxd8+ ( 18.e3 Kf8 19.Rxd8+ Bxd8 20.Rd1 Bf6 21.Rc1 Bxe5 $2 ( 21...Ke8 $1 {[%c_effect e8;square;e8;type;GreatFind;persistent;true] is better.} ) 22.fxe5 {White had the advantage in Artemiev-Duda, Pepe Cuenca Invitational 2020.} ) 18...Bxd8 19.Rd1 Be7 20.Nd7 Bxd7 21.Rxd7 Kf8 22.Bxb7 Rd8 23.Rc7 a5 {White is a pawn up, but due to the presence of opposite-colored bishops, there are no realistic winning chances. The game soon ends in a draw.} 24.Rc4 Bb4 25.Rc2 Rd2 26.Rxd2 Bxd2 27.e3 Bb4 28.Kf1 Ke7 29.Ke2 Kd6 30.Kd3 Be1 31.Ke2 Bb4 32.Kd3 Be1 33.Ke2 1/2-1/2